 Dungeon Crawl Stone Soup version 0.30.0-16-gbe6223bb7e (webtiles) character file.

Game seed: 3952730418426251333

270 Descartes the Shield-Bearer (level 6, -4/48 HPs)
             Began as a Formicid Fighter on May 20, 2023.
             Slain by Eustachio
             ... wielding a +2 rapier of venom
              (5 damage)
             ... on level 4 of the Dungeon.
             The game lasted 00:05:07 (2925 turns).

Descartes the Shield-Bearer (Formicid Fighter)      Turns: 2925, Time: 00:05:07

Health: -4/48      AC: 11    Str: 23    XL:     6   Next: 47%
Magic:  8/8        EV:  9    Int:  7    God:
Gold:   226        SH:  5    Dex: 13    Spells: 8/8 levels left

rFire   . . .        w - +3 quarterstaff (chaos)
rCold   . . .        c - +0 buckler
rNeg    + . .        b - +0 scale mail
rPois   .            (helmet unavailable)
rElec   .            x - +1 cloak {rCorr}
rCorr   +            y - +0 pair of gloves
SInv    +            p - +0 pair of boots
Will    .....        (no amulet) Stlth
                     h - ring of positive energy
HPRegen 0.28/turn    A - ring of resist corrosion
MPRegen 0.11/turn

%: no passive effects
@: lethally poisoned (-4 -> -29)
A: permanent stasis, dig shafts and tunnels, antennae 3, four strong arms
a: Dig, Shaft Self


You were on level 4 of the Dungeon.
You visited 1 branch of the dungeon, and saw 4 of its levels.

You collected 226 gold pieces.

Inventory:

Hand Weapons
 a - a +0 war axe
 t - a +0 morningstar
 w - a +3 quarterstaff of chaos (weapon)
 B - a +0 bardiche
Missiles
 o - 16 poisoned darts
 u - a boomerang
Armour
 b - a +0 scale mail (worn)
 c - a +0 buckler (worn)
 p - a +0 pair of boots (worn)
 x - a +1 cloak of preservation (worn)
 y - a +0 pair of gloves (worn)
Jewellery
 h - a ring of positive energy (left hand)
 A - a ring of resist corrosion (right hand)
Scrolls
 f - 2 scrolls of amnesia {unknown}
 i - 5 scrolls of identify {unknown}
 j - 3 scrolls of magic mapping {unknown}
 k - a scroll of butterflies {unknown}
 l - a scroll of immolation {unknown}
 m - a scroll of fog {unknown}
 n - a scroll of enchant weapon {unknown}
 v - a scroll of enchant armour {unknown}
 z - a scroll of teleportation {unknown}
Potions
 d - a potion of might
 e - a potion of degeneration {unknown}
 g - a potion of haste {unknown}
 q - 3 potions of mutation {unknown}
 r - 2 potions of attraction {unknown}
 s - 2 potions of heal wounds {unknown}


   Skills:
 + Level 4.0 Fighting
 + Level 2.8(3.0) Axes
 + Level 1.1(2.2) Maces & Flails
 + Level 1.0(1.2) Staves
 + Level 4.1 Armour
 + Level 4.7 Shields
 + Level 1.9 Spellcasting
 + Level 1.6 Translocations
 + Level 2.0 Evocations


You had 8 spell levels left.
You didn't know any spells.
Your spell library contained the following spells:

 Spells                   Type           Power      Damage    Failure   Level
 Portal Projectile        Hex/Tloc       2%         N/A       94%         3
 Call Canine Familiar     Summ           0%         N/A       98%         3
 Hailstorm                Conj/Ice       0%         3d3       98%         3
 Inner Flame              Hex/Fire       0%         N/A       98%         3
 Flame Wave               Conj/Fire      0%         2d4       100%        4
 Ice Form                 Ice/Tmut       0%         N/A       100%        4
 Leda's Liquefaction      Hex/Erth       0%         N/A       100%        4
 Sticky Flame             Conj/Fire      0%         2d3       100%        4
 Simulacrum               Ice/Necr       0%         N/A       100%        6


Dungeon Overview and Level Annotations

Branches:
Dungeon (4/15)
 Temple: D:4-7

Altars:

Annotations:
D:4 Eustachio


Innate Abilities, Weirdness & Mutations

You cannot be hasted, slowed, berserked, paralysed or teleported.
You can dig through walls and to a lower floor.
You have a pair of large antennae on your head. (SInv)
Your four strong arms can wield two-handed weapons with a shield.


Message History

Eustachio hits you but does no damage.
You are poisoned.
You completely miss Eustachio.
You feel very sick. You block the bat's attack.
The shadow imp barely misses you.
Eustachio hits you with a +2 rapier of venom.
You are more poisoned.
You sock Eustachio! You burn Eustachio.
Eustachio is severely wounded.
You feel very sick.
The shadow imp disappears in a puff of smoke!
The river rat bites you but does no damage. x2
Eustachio barely misses you.
Unknown command.
You miss Eustachio.
Eustachio is severely wounded.
You feel very sick. You block the bat's attack. x2
Eustachio hits you with a +2 rapier of venom.
You are more poisoned.
The river rat bites you but does no damage. x2
The bat hits you but does no damage. You block the river rat's attack.
The river rat closely misses you.
Eustachio hits you with a +2 rapier of venom.
You hit Eustachio.
Eustachio goes berserk!
Eustachio is almost dead.
You feel very sick. You block the bat's attack. The bat barely misses you.
Eustachio barely misses you. The river rat bites you.
You block the river rat's attack. The bat hits you but does no damage.
Eustachio hits you with a +2 rapier of venom!
* * * LOW HITPOINT WARNING * * *
You are more poisoned.
You miss Eustachio.
Eustachio is almost dead.
* * * LOW HITPOINT WARNING * * *
You feel extremely sick. The bat barely misses you.
Eustachio hits you with a +2 rapier of venom.
You die...

.............# .# ......
.#.##..............# #....#.
.........# #..###.
........###.##..#.#.
#.................#. .
###.......... #...[... ..
###..(.##..........# #.......
..##...........r.b....## #.....##
.....##......b@@.#....#.#....###
##....#........r##........##.###.
.................r...###.....[###
#.......##....###............# #
##.....#......###..#@.........###
.......#....#..#...#...........>.
..#...##....#....###.............
..###.......))...###.............
.###.......).....................


You could see Eustachio (berserk), 2 river rats and 2 bats.

Vanquished Creatures
  Crazy Yiuf (D:3)
  2 sleepcaps (D:4)
  2 orc wizards
  4 adders
  A worm (D:3)
  5 dart slugs
  9 orcs
  10 endoplasms
  2 giant cockroaches
  9 goblins
  8 hobgoblins
  2 kobolds
  A quokka (D:3)
  2 ball pythons (D:4)
  3 bats
  2 frilled lizards
  7 rats
70 creatures vanquished.

Vanquished Creatures (others)
  An orc wizard (D:4)
1 creature vanquished.

Grand Total: 71 creatures vanquished

Notes
Turn   | Place    | Note
-------+----------+-------------------------------------------
     0 | D:1      | Descartes the Formicid Fighter began the quest for the Orb.
     0 | D:1      | Reached XP level 1. HP: 18/18 MP: 1/1
   202 | D:1      | Reached XP level 2. HP: 20/24 MP: 2/2
   457 | D:1      | Reached XP level 3. HP: 29/29 MP: 4/4
   892 | D:2      | Reached skill level 1 in Spellcasting
  1214 | D:2      | Reached skill level 1 in Evocations
  1214 | D:2      | Reached XP level 4. HP: 36/36 MP: 5/5
  1683 | D:3      | Reached skill level 1 in Translocations
  1807 | D:3      | Reached XP level 5. HP: 41/42 MP: 7/7
  2032 | D:3      | Found a runed translucent door.
  2033 | D:3      | Noticed Crazy Yiuf
  2426 | D:3      | Killed Crazy Yiuf
  2728 | D:4      | Reached XP level 6. HP: 46/48 MP: 8/8
  2739 | D:4      | Identified the +11 dagger of Certain Death {venom, *Noise
                  | rF+ rN+ Str+2}
  2822 | D:4      | Reached skill level 1 in Maces & Flails
  2845 | D:4      | Reached skill level 1 in Staves
  2904 | D:4      | Noticed Eustachio
  2925 | D:4      | HP: 1/48 [poisoned by Eustachio]
  2925 | D:4      | Slain by Eustachio

Illustrated notes

Levels and vault maps discovered:
D:1:      dpeg_arrival_pits, layout_basic, skrybe_limestone_x,
          grunt_decor_resistance
D:2:      layout_basic, grunt_decor_arrowhead
D:3:      layout_basic, uniq_crazy_yiuf_cottage
D:4:      layout_cave_pools, chequers_avenue, hangedman_abyss_or_decor_stabs,
          uniq_eustachio

Skill      XL: |  1  2  3  4  5  6 |
---------------+-------------------+-----
Spellcasting   | 1 |  1.9
Evocations     | 1 2 |  2.0
Translocations | 1 |  1.6
Armour         | 4 |  4.1
Fighting       | 4 |  4.0
Maces & Flails | 1 |  1.1
Staves         | 1 |  1.0
Axes           | |  2.8
Shields        | |  4.7

Action                     |  1- 3 |  4- 6 || total
---------------------------+-------+-------++-------
  Melee: War axe           |    84 |    49 ||   133
         Morningstar       |       |    34 ||    34
         Quarterstaff      |       |    63 ||    63
 Armour: Scale mail        |    26 |    90 ||   116
  Dodge: Dodged            |    38 |    69 ||   107
  Block: Buckler           |    27 |    47 ||    74
